 Dungeon Crawl Stone Soup version 0.31.0-12-g77e489cdc1 (webtiles) character file.

Game seed: 15076586476802765311

14950 trickyslicky the Cleaver (level 11, -6/105 HPs)
             Began as a Minotaur Berserker on Mar 3, 2024.
             Was a High Priest of Trog.
             Succumbed to Sonja's poison
             ... on level 1 of the Lair of Beasts.
             The game lasted 00:15:26 (15316 turns).

trickyslicky the Cleaver (Minotaur Berserker)      Turns: 15316, Time: 00:15:26

Health: -6/105     AC: 12    Str: 26    XL:     11   Next: 95%
Magic:  11/11      EV: 11    Int:  4    God:    Trog [*****.]
Gold:   637        SH:  8    Dex: 10    Spells: 10/10 levels left

rFire   + . .        H - +2 war axe (flame)
rCold   . . .        g - +2 buckler {reflect}
rNeg    . . .        I - +2 swamp dragon scales
rPois   +            (helmet restricted)
rElec   .            (no cloak)
rCorr   .            K - +0 pair of gloves
SInv    .            (no boots)
Will    +....        (no amulet)
Stlth   +            l - ring of willpower
HPRegen 0.37/turn    h - ring of protection from fire
MPRegen 0.12/turn

%: reflection
@: lethally poisoned (-6 -> -33), on berserk cooldown, slowed, very slow
A: horns 2, retaliatory headbutt
a: Renounce Religion, Berserk, Trog's Hand, Brothers in Arms


You were on level 1 of the Lair of Beasts.
You worshipped Trog.
Trog was extremely pleased with you.
You visited 2 branches of the dungeon, and saw 12 of its levels.
You also visited: Sewer.

You collected 701 gold pieces.
You spent 64 gold pieces at shops.

Inventory:

Hand Weapons
 a - a +2 battleaxe
 H - a +2 war axe of flaming (weapon)
Missiles
 C - 32 poisoned darts (quivered)
Armour
 g - a +2 buckler of reflection (worn)
 I - +2 swamp dragon scales (worn)
 K - a +0 pair of gloves (worn)
Jewellery
 h - a ring of protection from fire (right hand)
 l - a ring of willpower (left hand)
 s - a ring of poison resistance
 t - a ring of ice
Talismans
 N - a serpent talisman
Wands
 j - a wand of flame (10)
 x - a wand of charming (12)
Scrolls
 b - a scroll of silence {unknown}
 d - 3 scrolls of poison
 f - 3 scrolls of noise
 i - 3 scrolls of revelation
 n - 2 scrolls of enchant weapon {unknown}
 o - 3 scrolls of enchant armour
 q - a scroll of butterflies
 u - a scroll of brand weapon {unknown}
 v - a scroll of vulnerability {unknown}
 y - 2 scrolls of fear
 B - 2 scrolls of amnesia {unknown}
 E - 5 scrolls of teleportation
 L - a scroll of identify
Potions
 c - 3 potions of attraction
 e - 3 potions of heal wounds {unknown}
 k - 2 potions of curing
 m - a potion of mutation
 p - 2 potions of magic
 r - 2 potions of invisibility {unknown}
 w - a potion of lignification {unknown}
 z - 2 potions of enlightenment {unknown}
 A - a potion of resistance
 D - 2 potions of might {unknown}
 F - 3 potions of ambrosia {unknown}
 G - a potion of cancellation {unknown}
 J - 3 potions of degeneration {unknown}
 M - a potion of haste {unknown}


   Skills:
 * Level 12.4 Fighting
 - Level 2.1(2.5) Short Blades
 - Level 2.2(2.7) Long Blades
 - Level 14.0 Axes
 - Level 2.1 Staves
 - Level 2.0 Ranged Weapons
 - Level 1.7 Throwing
 * Level 8.1 Armour
 - Level 2.3 Dodging
 - Level 0.3 Stealth
 - Level 10.0 Shields
 - Level 2.0 Unarmed Combat
 - Level 1.7 Invocations
 - Level 1.6 Evocations
 - Level 1.2 Shapeshifting


You had 10 spell levels left.
You didn't know any spells.
Your spell library was empty.

Dungeon Overview and Level Annotations

Branches:
Dungeon (11/15)            Temple (0/1) D:5            Lair (1/5) D:9
    Orc (0/2) D:11          Sewer (visited)

Altars:
Elyvilon
Gozag
Kikubaaqudgha
Makhleb
Uskayaw
Vehumet
Wu Jian

Shops:
D:1 (   D:4 (   D:5 (   D:9 *

Annotations:
D:11 2 transporters, Derpydoo's ghost, journeyman AtBe
Lair:1 Sonja


Innate Abilities, Weirdness & Mutations

You have a pair of horns on your head.
You reflexively headbutt those who attack you in melee.


Message History

Sonja says, "Someone hired me to kill you, but I'm not supposed to say who."
Sonja hits you with a +1 short sword of venom.
* * * LOW HITPOINT WARNING * * *
Sonja hits you with a +1 short sword of venom.
* * * LOW HITPOINT WARNING * * *
Sonja barely misses you.
Sonja hits you with a +1 short sword of venom.
* * * LOW HITPOINT WARNING * * *
Sonja hits you with a +1 short sword of venom.
* * * LOW HITPOINT WARNING * * *
Sonja barely misses you.
Sonja casts a spell.
Sonja blinks!
Sonja throws a curare-tipped dart.
The curare-tipped dart hits you. You resist.
Sonja throws a curare-tipped dart.
The curare-tipped dart closely misses you.
You block Sonja's attack. Sonja hits you but does no damage.
You are poisoned.
Sonja hits you with a +1 short sword of venom.
* * * LOW HITPOINT WARNING * * *
You are more poisoned.
Sonja hits you but does no damage.
You are lethally poisoned!
Sonja hits you but does no damage. x2
You are more poisoned.
You completely miss Sonja. Your headbutt misses Sonja.
Sonja is moderately wounded.
* * * LOW HITPOINT WARNING * * *
You feel extremely sick. Sonja barely misses you. You block Sonja's attack.
Sonja hits you but does no damage.
Sonja hits you with a +1 short sword of venom.
* * * LOW HITPOINT WARNING * * *
You block Sonja's attack. Sonja closely misses you.
Unknown command.
Unknown command.
There are no items here.
You miss Sonja. Your headbutt misses Sonja.
Sonja is moderately wounded.
You die...

##.# ##.......+ #..#
#........# #.##
#####..#### #+†######
###......# ........#
#........##
.........#
##........#
.........# #...$...#
........## ##...K...+
........####....@...#
........+(###.......#
...........##.......#
........#...#.......#
........###.†.......#
........# ##........#
........# ######.###
###.#.### ### #####


You could see Sonja.

Vanquished Creatures
  2 two-headed ogres (D:10)
  Amaemon (D:7)
  An ugly thing (D:8)
  A deep elf pyromancer (D:10)
  2 cyclopes
  2 cane toads (Lair:1)
  An orange demon (D:8)
  Maggie (D:7)
  2 komodo dragons
  A yaktaur (D:10)
  Psyche (D:8)
  A rime drake (D:8)
  2 trolls (D:10)
  A hornet (D:8)
  5 blink frogs (Lair:1)
  2 shadows
  A wyvern (D:9)
  4 yaks (Lair:1)
  4 steam dragons
  2 basilisks (Lair:1)
  Menkaure (D:7)
  Edmund (D:6)
  5 water moccasins
  8 orc warriors
  An acid dragon (D:9)
  A sky beast (D:7)
  4 ice beasts
  A black bear (D:5)
  3 centaurs
  3 wolves (D:8)
  A phantom (D:5)
  6 kobold brigands
  4 bullfrogs
  A gnoll sergeant (D:9)
  A scorpion (D:5)
  5 wights (D:8)
  24 killer bees
  A howler monkey (D:11)
  5 orc priests
  7 hounds
  2 jellies
  A sleepcap (D:7)
  3 iguanas
  11 orc wizards
  6 gnolls (D:9)
  11 adders
  4 river rats
  2 white imps (D:6)
  6 ufetubi
  4 dart slugs
  5 ribbon worms
  23 orcs
  13 ball pythons
  2 bats (D:3)
  8 endoplasms
  A giant cockroach (D:3)
  6 goblins
  9 hobgoblins
  3 quokkas
  20 kobolds
  8 rats
268 creatures vanquished.

Vanquished Creatures (others)
  2 ufetubi (D:6)
  An orc (D:8)
3 creatures vanquished.

Grand Total: 271 creatures vanquished

Notes
Turn   | Place    | Note
-------+----------+-------------------------------------------
     0 | D:1      | trickyslicky the Minotaur Berserker began the quest for the
                  | Orb.
     0 | D:1      | Reached XP level 1. HP: 19/19 MP: 0/0
   193 | D:1      | You fall into a shaft and drop 1 floor!
   203 | D:2      | Reached skill level 4 in Axes
   203 | D:2      | Reached XP level 2. HP: 27/27 MP: 1/1
   545 | D:2      | Reached XP level 3. HP: 28/33 MP: 2/2
   745 | D:1      | Found Fearch's Weapon Emporium.
   966 | D:1      | Reached skill level 5 in Axes
  1569 | D:3      | Reached ** piety under Trog
  1595 | D:3      | Reached XP level 4. HP: 39/40 MP: 3/3
  1793 | D:3      | Found a glowing drain.
  1817 | D:3      | Reached skill level 6 in Axes
  1825 | Sewer    | Entered a sewer
  1848 | Sewer    | Reached skill level 1 in Shields
  1968 | Sewer    | Reached XP level 5. HP: 33/46 MP: 4/4
  2180 | Sewer    | Reached skill level 7 in Axes
  2280 | Sewer    | Reached XP level 6. HP: 52/52 MP: 5/5
  3032 | D:4      | Reached skill level 8 in Axes
  3153 | D:4      | Found Niuxoagg's Antique Weapon Shop.
  3338 | D:4      | Reached *** piety under Trog
  3543 | D:5      | Entered Level 5 of the Dungeon
  3588 | D:5      | Found a staircase to the Ecumenical Temple.
  3650 | D:5      | Reached skill level 9 in Axes
  3650 | D:5      | Reached XP level 7. HP: 50/59 MP: 6/6
  3979 | D:5      | Found Xaviu's Antique Weapon Emporium.
  4196 | D:6      | Noticed Edmund
  4209 | D:6      | Killed Edmund
  4210 | D:6      | Reached skill level 10 in Axes
  4375 | D:6      | Found a burning altar of Makhleb.
  4585 | D:6      | Reached XP level 8. HP: 49/66 MP: 7/7
  4703 | D:6      | Reached skill level 11 in Axes
  5658 | D:7      | Reached skill level 12 in Axes
  5658 | D:7      | Noticed Maggie
  5677 | D:7      | Killed Maggie
  5678 | D:7      | Reached skill level 1 in Short Blades
  5678 | D:7      | Reached skill level 1 in Long Blades
  5678 | D:7      | Reached skill level 1 in Staves
  5678 | D:7      | Reached skill level 1 in Ranged Weapons
  5678 | D:7      | Reached skill level 1 in Throwing
  5678 | D:7      | Reached skill level 1 in Unarmed Combat
  5678 | D:7      | Reached skill level 1 in Invocations
  5678 | D:7      | Reached skill level 1 in Evocations
  6546 | D:7      | Reached skill level 1 in Shapeshifting
  6546 | D:7      | Noticed Menkaure
  6557 | D:7      | Killed Menkaure
  6558 | D:7      | Reached XP level 9. HP: 48/71 MP: 7/9
  6884 | D:8      | Noticed Psyche
  6959 | D:8      | Noticed an orange demon
  6959 | D:8      | Noticed Amaemon
  7000 | D:7      | Killed Amaemon
  7001 | D:7      | Reached skill level 5 in Fighting
  7372 | D:8      | Killed an orange demon
  7438 | D:8      | Killed Psyche
  7439 | D:8      | Reached skill level 13 in Axes
  7632 | D:8      | Noticed a purple ugly thing
  7651 | D:8      | Killed a purple ugly thing
  7652 | D:8      | Reached XP level 10. HP: 33/88 MP: 10/10
  8287 | D:8      | Found an ornate altar of the Wu Jian Council.
  8519 | D:8      | Found a radiant altar of Vehumet.
  8522 | D:8      | Found a hide-covered altar of Uskayaw.
  8527 | D:8      | Found a white marble altar of Elyvilon.
  8605 | D:8      | Found an opulent altar of Gozag.
  9158 | D:8      | Reached skill level 14 in Axes
  9839 | D:9      | Reached skill level 10 in Fighting
 10446 | D:9      | Reached skill level 5 in Shields
 10755 | D:9      | Reached **** piety under Trog
 11386 | D:9      | Found a staircase to the Lair.
 11439 | D:9      | Found an ancient bone altar of Kikubaaqudgha.
 11841 | D:9      | Found Aghur's Serpentskin Sales.
 12308 | D:9      | Bought a scroll of poison for 64 gold pieces
 12325 | D:10     | Entered Level 10 of the Dungeon
 12325 | D:10     | Noticed a two-headed ogre
 12332 | D:10     | Killed a two-headed ogre
 12333 | D:10     | Reached XP level 11. HP: 38/99 MP: 11/11
 12688 | D:10     | Noticed a two-headed ogre
 12693 | D:10     | Killed a two-headed ogre
 12784 | D:10     | Reached skill level 10 in Shields
 12920 | D:10     | Reached ***** piety under Trog
 13419 | D:10     | Noticed a deep elf pyromancer
 13427 | D:10     | Killed a deep elf pyromancer
 13428 | D:10     | Reached skill level 5 in Armour
 14128 | D:11     | Found a transporter.
 14132 | D:11     | Noticed Derpydoo's ghost (journeyman AtBe)
 14427 | D:11     | Found a staircase to the Orcish Mines.
 14567 | D:11     | Found a transporter.
 14717 | Lair:1   | Entered Level 1 of the Lair of Beasts
 14736 | Lair:1   | Identified the +0 robe "Mazer" {rN++}
 15277 | Lair:1   | Noticed Sonja
 15315 | Lair:1   | HP: 4/105 [poisoned by Sonja]
 15315 | Lair:1   | HP: 1/105 [Sonja/+1 short sword of venom (3)]
 15316 | Lair:1   | Succumbed to Sonja's poison

Illustrated notes

Levels and vault maps discovered:
D:1:      grunt_arrival_lava_bath, layout_basic, serial_shops, shop
D:2:      layout_rooms
D:3:      layout_loops_ring, portal_sewer_entry_b, kennysheep_generic_room_3
D:4:      layout_rooms, serial_curves, eino_curves_03, eino_curves_04,
          nicolae_stop_n_shop_2, dk_noncrumbling_2
D:5:      layout_loops_ring, minmay_temple_entry_fiery, serial_shops,
          nicolae_shop_crystal
D:6:      layout_gridville, mainiacjoe_overflow_brackets, kennysheep_dice,
          uniq_edmund
D:7:      layout_gridville, uniq_maggie, uniq_menkaure
D:8:      layout_loops_corners, mainiacjoe_overflow_alcove_4,
          nzn_wu_jian_council_hall, grunt_temple_overflow_diamond, uniq_psyche,
          uniq_amaemon
D:9:      kennysheep_housing_project, layout_long_grid,
          kiku_gazebo_garden_becter, hellmonk_lair_entry_icy,
          guppyfry_shop_venom
D:10:     kennysheep_big_flooded_room, layout_small_grid,
          guppyfry_early_elven_hall
D:11:     layout_stronghold, orc_0_dummy, gammafunk_ghost_stat_death
Lair:1:   layout_roguey, grunt_megastairs_2, lemuel_fruit_fields, uniq_sonja

Skill      XL: |  1  2  3  4  5  6  7  8  9 10 11 |
---------------+----------------------------------+-----
Fighting       | 4 7 10 12 | 12.4
Axes           | 4 5 6 7 9 10 12 13 14 | 14.0
Shields        | 1 2 9 10 | 10.0
Short Blades   | 2 |  2.1
Long Blades    | 2 |  2.2
Staves         | 2 |  2.1
Ranged Weapons | 1 2 |  2.0
Throwing       | 1 |  1.7
Unarmed Combat | 1 2 |  2.0
Invocations    | 1 |  1.7
Evocations     | 1 |  1.6
Shapeshifting  | 1 |  1.2
Armour         | 8 |  8.1
Dodging        | |  2.3
Stealth        | |  0.3

Action                     |  1- 3 |  4- 6 |  7- 9 | 10-12 || total
---------------------------+-------+-------+-------+-------++-------
  Melee: Hand axe          |    64 |   201 |    87 |       ||   352
         Headbutt          |    10 |    29 |    30 |    57 ||   126
         War axe           |       |       |    61 |   380 ||   441
 Invoke: Berserk           |       |       |     7 |     4 ||    11
         Brothers in Arms  |       |       |       |     1 ||     1
    Use: Scroll            |       |       |    10 |     2 ||    12
         Potion            |       |       |     1 |     3 ||     4
 Armour: Animal skin       |    24 |       |       |       ||    24
         Chain mail        |    11 |   126 |    50 |       ||   187
         Swamp dragon scal |       |       |    64 |   297 ||   361
         Steam dragon scal |       |       |     6 |       ||     6
  Dodge: Dodged            |    26 |    61 |    59 |   199 ||   345
  Block: Buckler           |     9 |    59 |    35 |   138 ||   241
         Reflection        |       |     4 |       |    12 ||    16
